[Event "AZE-ch Men 2019"]
[Site "Baku"]
[Date "2019.01.22"]
[Round "7"]
[White "Babazada, Khazar"]
[Black "Jafarli, Babak"]
[Result "0-1"]
[ECO "C60"]
[WhiteElo "2299"]
[BlackElo "2128"]
[Annotator "NA"]
[PlyCount "111"]
[EventDate "2019.01.16"]
[EventType "swiss"]
[EventCountry "AZE"]
[SourceTitle "playchess.com"]
[Source "ChessBase"]
[SourceQuality "1"]
[TimeControl "40/5400+30:1800+30"]

1. e4 e5 2. Nf3 Nc6 3. Bb5 Nge7 4. O-O Ng6 5. c3 {[%emt 0:01:28] C60: Ruy Lopez: Unusual Black 3rd moves and 3...g6} Be7 (5... a6 6. Ba4 d6 7. d4 Bd7 8. d5 Nb8 9. c4 Be7 10. Nc3 h6 11. g3 O-O 12. Bxd7 Qxd7 13. Kg2 f5 14. exf5 Qxf5 15. Nd2 Bg5 16. Nde4 Bxc1 17. Rxc1 Nd7 {½-½ (66) Leko,P (2735)-Ivanchuk,V (2741) Astrakhan 2010 CBM 137 [Marin,M]}) 6. d4 d6 7. d5 a6 8. Ba4 b5 9. Bc2 Nb8 10. a4 bxa4 11. Bxa4+ Nd7 12. Bc6 $146 ({Predecessor:} 12. Be3 O-O 13. b4 {0-1 (34) Toth,P-Suer,N Nice 1974}) 12... Rb8 13. b4 O-O 14. Be3 Nb6 15. Nfd2 Bg5 16. Na3 f5 17. exf5 Bxf5 18. Ndc4 Bxe3 19. fxe3 Nxc4 20. Nxc4 Qg5 21. Qe2 Nh4 22. e4 Nxg2 $2 (22... Bh3 $1 $19 23. Ne3 Rf4) 23. Rxf5 Rxf5 24. Qxg2 Qxg2+ 25. Kxg2 Rf4 26. Rxa6 Rxe4 27. Na3 Re2+ 28. Kf3 Ra2 29. Ra5 Rf8+ 30. Ke3 Rxh2 31. Kd3 g5 32. Bd7 h5 33. Nb5 Rf3+ 34. Kc4 g4 35. Nxc7 Rf4+ 36. Kb3 g3 37. Ne6 g2 38. Ra8+ Kh7 39. Ng5+ Kg7 40. Ne6+ Kf7 41. Be8+ Kf6 42. Ra7 e4 43. Rf7+ Ke5 44. Nxf4 g1=Q 45. Ng6+ Kxd5 46. Nf4+ Ke5 47. Ng6+ Qxg6 48. Re7+ Kf6 49. Bxg6 Kxe7 50. Bxe4 h4 51. Kc4 Rd2 52. Bf5 Kd8 53. Be6 Kc7 54. Kb5 Rd3 55. Kc4 Rg3 56. Kd4 0-1

[Event "AZE-ch Men 2019"]
[Site "Baku"]
[Date "2019.01.22"]
[Round "7"]
[White "Isgandarov, Shahriyar"]
[Black "Ilyasli, Ughur"]
[Result "0-1"]
[ECO "B02"]
[WhiteElo "2113"]
[BlackElo "2148"]
[Annotator "NA"]
[PlyCount "98"]
[EventDate "2019.01.16"]
[EventType "swiss"]
[EventCountry "AZE"]
[SourceTitle "playchess.com"]
[Source "ChessBase"]
[SourceQuality "1"]
[TimeControl "40/5400+30:1800+30"]

1. e4 Nf6 2. Nc3 d5 3. exd5 Nxd5 4. Nf3 g6 5. Bc4 Nb6 6. Be2 Bg7 7. O-O Nc6 8. a4 a5 9. Nb5 e5 10. c3 O-O 11. d4 exd4 12. Nfxd4 Nxd4 13. Nxd4 c6 14. Bf3 Bxd4 15. cxd4 Be6 16. Bf4 Bd5 17. Bg4 Re8 18. Re1 Rxe1+ 19. Qxe1 Qh4 20. h3 h5 21. g3 Qf6 22. Bd1 Qxd4 23. Qe5 Qxe5 24. Bxe5 Nc4 25. Bc3 Nd6 26. Bc2 Ne4 27. Bxe4 Bxe4 28. Re1 Bd5 29. Re7 b5 30. axb5 cxb5 31. g4 b4 32. Bf6 Be6 33. f3 a4 34. Rb7 a3 35. bxa3 bxa3 36. gxh5 a2 37. Ba1 Rc8 38. Kh2 gxh5 39. Rb2 Rc1 40. Rg2+ Kh7 41. Rg1 Rxg1 42. Kxg1 Bxh3 43. Kh2 Be6 44. Kg3 Kg6 45. Kf4 h4 46. Bb2 h3 47. Kg3 Kh7 48. Bc3 Kg8 49. Kf2 Kf8 0-1

[Event "AZE-ch Men 2019"]
[Site "Baku"]
[Date "2019.01.22"]
[Round "7"]
[White "Ahadzade, Kanan"]
[Black "Abbasov, Amil"]
[Result "1/2-1/2"]
[ECO "A25"]
[WhiteElo "2019"]
[BlackElo "2190"]
[Annotator "NA"]
[PlyCount "83"]
[EventDate "2019.01.16"]
[EventType "swiss"]
[EventCountry "AZE"]
[SourceTitle "playchess.com"]
[Source "ChessBase"]
[SourceQuality "1"]
[TimeControl "40/5400+30:1800+30"]

1. c4 e5 2. Nc3 Nc6 3. g3 g6 4. Bg2 Bg7 5. d3 Nge7 6. e3 d6 7. Nge2 Be6 8. Nd5 Qd7 9. Nec3 O-O 10. O-O Rab8 11. Qa4 a6 12. Rb1 Bf5 13. e4 Be6 14. Be3 f5 15. Bg5 Nc8 16. exf5 Bxf5 17. Ne4 Qf7 18. Be3 $11 Qd7 19. Bg5 Qf7 20. Be3 Qd7 21. b4 N8e7 22. Nxe7+ Nxe7 23. Qxd7 Bxd7 24. Nc3 Nf5 25. Bd2 Nd4 26. Be3 Nf5 27. Bd2 Bh6 28. Bxh6 Nxh6 29. Nd5 c6 30. Nc3 Bf5 31. Ne4 Rfd8 32. Rfd1 Kg7 33. Rbc1 Ng8 34. d4 Nf6 35. Nxf6 Kxf6 36. d5 cxd5 37. Bxd5 Be6 38. Bf3 b5 39. cxb5 axb5 40. Rc6 Ke7 41. Rc7+ Rd7 42. Rdc1 1/2-1/2

[Event "AZE-ch Men 2019"]
[Site "Baku"]
[Date "2019.01.22"]
[Round "7"]
[White "Allahverdiyeva, Ayan"]
[Black "Abdulov, Orkhan"]
[Result "1/2-1/2"]
[ECO "C84"]
[WhiteElo "1975"]
[BlackElo "2395"]
[Annotator "NA"]
[PlyCount "95"]
[EventDate "2019.01.16"]
[EventType "swiss"]
[EventCountry "AZE"]
[SourceTitle "playchess.com"]
[Source "ChessBase"]
[SourceQuality "1"]
[TimeControl "40/5400+30:1800+30"]

1. e4 e5 2. Nf3 Nc6 3. Bb5 a6 4. Ba4 Nf6 5. O-O Be7 6. d3 d6 7. c3 O-O 8. Re1 b5 9. Bc2 Bb7 {[%emt 0:00:51] C84: Closed Ruy Lopez: Unusual White 6th moves} (9... d5 10. Nbd2 d4 11. Nb3 dxc3 12. bxc3 a5 13. a4 b4 14. Bd2 Bg4 15. h3 Bxf3 16. Qxf3 bxc3 17. Bxc3 Bb4 18. Bxb4 Nxb4 {½-½ (30) Anand,V (2776)-Svidler,P (2760) Moscow 2018}) 10. Nbd2 d5 11. exd5 Qxd5 12. Nf1 Rfe8 13. Bb3 $146 ({Predecessor:} 13. Bg5 h6 14. Bxf6 Bxf6 15. Ng3 Qd7 16. Qe2 Rad8 17. Ne4 {½-½ (43) Ilyin,P (2302)-Kolpakov,N (2204) ICCF email 2014}) 13... Qd7 14. Nxe5 Nxe5 15. Rxe5 Ng4 16. Rh5 g6 17. Rh3 Rad8 18. Rg3 Ne5 19. d4 c5 20. Be3 Qc6 21. Qh5 Nc4 22. Bxc4 bxc4 23. dxc5 Rd3 24. Qg4 Qd5 25. Bd4 h5 26. Qf4 Bxc5 27. Bxc5 Qxc5 28. Ne3 Be4 29. Rg5 Qc8 30. Re5 Rxe5 31. Qxe5 Bb7 32. Qf4 Qd7 33. Qxc4 Rd2 34. b3 Qd6 35. Qf1 Qf6 36. Qe1 Qxc3 37. Nc4 Rc2 38. Qxc3 Rxc3 39. Rd1 Rc2 40. a4 Kf8 41. f3 Ke7 42. Ne5 Bc8 43. b4 Rb2 44. Rd4 Rb1+ $1 45. Kf2 Rb2+ 46. Kg1 (46. Kg3 $16) 46... Rb1+ 47. Kf2 Rb2+ 48. Kg1 $11 1/2-1/2

[Event "AZE-ch Men 2019"]
[Site "Baku"]
[Date "2019.01.22"]
[Round "7"]
[White "Novruzov, Emin"]
[Black "Guliev, Sarhan"]
[Result "1/2-1/2"]
[ECO "C26"]
[WhiteElo "1910"]
[BlackElo "2342"]
[Annotator "NA"]
[PlyCount "69"]
[EventDate "2019.01.16"]
[EventType "swiss"]
[EventCountry "AZE"]
[SourceTitle "playchess.com"]
[Source "ChessBase"]
[SourceQuality "1"]
[TimeControl "40/5400+30:1800+30"]

1. e4 e5 2. Nc3 Nf6 3. Bc4 Bc5 4. d3 d6 5. Na4 Bb4+ 6. c3 Ba5 {[%emt 0:00:02] C27: Vienna Game: 2...Nf6 3 Bc4 Nxe4} 7. b4 Bb6 8. Nxb6 axb6 9. Bg5 h6 $146 ({Predecessor:} 9... Be6 10. Bxe6 fxe6 11. Qb3 Qe7 12. Ne2 O-O 13. f4 Nbd7 14. f5 {½-½ (85) Zeller,F (2440)-Latzke,B (2205) Willsbach 1997}) 10. Bh4 Be6 11. Bxe6 fxe6 12. f3 Nbd7 13. Ne2 Qe7 14. O-O O-O 15. Qb3 Kh7 16. Rad1 g5 17. Be1 Nh5 18. d4 g4 19. c4 gxf3 20. Rxf3 exd4 21. Nxd4 Ne5 22. Rxf8 Rxf8 23. c5 Qf6 $17 ({But not} 23... dxc5 24. Qxe6 Qg7 25. Nf5 $15) 24. Nf3 Nf4 25. cxd6 cxd6 26. Bg3 Ne2+ 27. Kf2 Nxf3 28. gxf3 Nd4 29. e5 dxe5 30. Qd3+ Kg8 31. Bxe5 Qxe5 32. Qg6+ Kh8 33. Qxh6+ Kg8 34. Qg6+ Kh8 35. Qh6+ 1/2-1/2

[Event "AZE-ch Men 2019"]
[Site "Baku"]
[Date "2019.01.23"]
[Round "8"]
[White "Gadimbayli, Abdulla"]
[Black "Shahaliyev, Ismayil"]
[Result "1/2-1/2"]
[ECO "C02"]
[WhiteElo "2409"]
[BlackElo "2389"]
[Annotator "NA"]
[PlyCount "80"]
[EventDate "2019.01.16"]
[EventType "swiss"]
[EventCountry "AZE"]
[SourceTitle "playchess.com"]
[Source "ChessBase"]
[SourceQuality "1"]
[TimeControl "40/5400+30:1800+30"]

1. e4 e6 2. d4 d5 3. e5 c5 4. c3 Nc6 5. Nf3 Qb6 6. a3 Nh6 7. b4 cxd4 8. Bxh6 gxh6 9. cxd4 Bd7 10. Be2 Rg8 {[%emt 0:03:35] C02: French: Advance Variation} 11. O-O Rg4 12. h3 Rf4 13. g3 Rxf3 14. Bxf3 Qxd4 {[%emt 0:00:22] LiveBook: 11 Games} 15. Qxd4 Nxd4 16. Bh5 Bg7 17. f4 $1 Ke7 {[%emt 0:01:50] [#]} 18. Rd1 $146 ({Predecessor:} 18. Nd2) 18... Nf5 19. Kf2 f6 $1 20. exf6+ Bxf6 21. Ra2 a5 22. bxa5 Rxa5 23. Bg4 Nd6 24. Bf3 Rc5 25. Nd2 Rc3 26. Rb1 Bc6 27. Rb3 Rc1 28. Rb1 Rc5 29. a4 e5 30. fxe5 Bxe5 $14 31. a5 Ne4+ 32. Nxe4 dxe4 33. Bd1 Rc3 34. a6 Bxg3+ 35. Ke2 bxa6 36. Rxa6 Bc7 37. Ba4 Bxa4 38. Rxa4 Rxh3 39. Rxe4+ Kf6 40. Re3 Rxe3+ 1/2-1/2

[Event "AZE-ch Men 2019"]
[Site "Baku"]
[Date "2019.01.23"]
[Round "8"]
[White "Abdulov, Orkhan"]
[Black "Babazada, Khazar"]
[Result "1/2-1/2"]
[ECO "B54"]
[WhiteElo "2395"]
[BlackElo "2299"]
[Annotator "NA"]
[PlyCount "31"]
[EventDate "2019.01.16"]
[EventType "swiss"]
[EventCountry "AZE"]
[SourceTitle "playchess.com"]
[Source "ChessBase"]
[SourceQuality "1"]
[TimeControl "40/5400+30:1800+30"]

1. e4 c5 2. Nf3 d6 3. d4 cxd4 4. Nxd4 Nf6 5. f3 a6 6. c4 e5 7. Nb3 Be7 8. Nc3 O-O 9. Be2 Be6 10. Be3 Nbd7 {[%emt 0:00:03] LiveBook: 3 Games} 11. Nd5 Bxd5 12. cxd5 $14 Nc5 13. Nd2 Ncd7 14. Nb3 Nc5 15. Nd2 Ncd7 16. Nb3 1/2-1/2

[Event "AZE-ch Men 2019"]
[Site "Baku"]
[Date "2019.01.23"]
[Round "8"]
[White "Davidov, Samir"]
[Black "Asadli, Vugar"]
[Result "0-1"]
[ECO "C00"]
[WhiteElo "2344"]
[BlackElo "2471"]
[Annotator "ChessBase"]
[PlyCount "90"]
[EventDate "2019.01.16"]
[EventType "swiss"]
[EventCountry "AZE"]
[SourceTitle "playchess.com"]
[Source "ChessBase"]
[SourceQuality "1"]
[TimeControl "40/5400+30:1800+30"]

1. e4 e6 2. d3 d5 3. Nd2 c5 4. Ngf3 Nc6 5. g3 g6 6. Bg2 Bg7 7. O-O Nf6 8. Re1 O-O 9. c3 a5 10. e5 Ng4 11. d4 cxd4 12. cxd4 f6 13. h3 Nxf2 14. Kxf2 fxe5 15. Kg1 exd4 16. Nb3 e5 17. Bg5 Qd6 18. Rc1 h6 19. Bd2 g5 20. Nh2 e4 21. Nf1 b6 22. Be3 dxe3 23. Bxe4 Be6 24. Rxe3 a4 25. Bg2 Bf7 26. Nbd2 Bd4 27. Kh2 Bxe3 28. Nxe3 Ne7 29. Ng4 Rad8 30. Qxa4 h5 31. Ne3 h4 32. Ndf1 d4 33. Nc4 Qf6 34. Ncd2 Bd5 35. Ne4 Qe5 36. Qb5 Rf5 37. Qe2 Rdf8 38. Kg1 Rf2 39. Qxf2 Rxf2 40. Nxf2 Bxg2 41. Kxg2 Nf5 42. Ng4 Qe2+ 43. Kg1 hxg3 44. Rc8+ Kf7 45. Rc2 Qxc2 0-1

[Event "AZE-ch Men 2019"]
[Site "Baku"]
[Date "2019.01.23"]
[Round "8"]
[White "Zeynalov, Farid"]
[Black "Muradli, Mahammad"]
[Result "0-1"]
[ECO "B09"]
[WhiteElo "2344"]
[BlackElo "2432"]
[Annotator "NA"]
[PlyCount "160"]
[EventDate "2019.01.16"]
[EventType "swiss"]
[EventCountry "AZE"]
[SourceTitle "playchess.com"]
[Source "ChessBase"]
[SourceQuality "1"]
[TimeControl "40/5400+30:1800+30"]

1. d4 d6 2. e4 Nf6 3. Nc3 g6 4. f4 Bg7 5. Nf3 O-O 6. Bd3 Na6 7. O-O c5 8. d5 $1 Bg4 9. h3 Bxf3 10. Rxf3 Nc7 {[%emt 0:03:01] LiveBook: 47 Games B09: Pirc Defence: Austrian Attack} 11. a4 a6 12. a5 Re8 $146 ({Predecessor:} 12... Nb5 13. Ne2 e6 14. dxe6 fxe6 15. f5 gxf5 16. exf5 e5 17. c4 {½-½ (41) Swiercz,D (2636)-Mamedov,R (2678) Atlantic City 2016}) 13. f5 Nd7 14. Bg5 (14. Rf1 $16) 14... c4 15. Bf1 Nb5 $1 16. Kh1 ({Much worse is} 16. Bxc4 Nxc3 17. Rxc3 Bxc3 $17) 16... Qc7 17. Qd2 (17. Be3 $14) 17... Be5 ({Black should play} 17... Nxc3 $11 18. bxc3 Ne5) 18. Nd1 f6 (18... c3 $11 19. Nxc3 Nxc3 20. bxc3 Rac8) 19. fxg6 $2 (19. Bh4 $16) 19... hxg6 (19... fxg5 $15 {keeps the upper hand.} 20. Qxg5 Nd4) 20. Bh4 Kg7 21. Bf2 c3 22. Nxc3 Nxc3 23. bxc3 Rec8 24. Be1 ({White should play} 24. Bd4 $14) 24... Nc5 25. Qe3 b6 26. h4 bxa5 27. g4 Qb6 28. g5 Rh8 29. gxf6+ exf6 30. Bd3 a4 31. Qc1 Rab8 32. Kg2 Qc7 33. Ra3 Qd7 34. Qe3 Rb1 35. Rh3 Qg4+ 36. Bg3 Nxd3 37. Qxd3 Bf4 38. c4 Rd1 39. Qf3 Rd2+ 40. Kg1 Qxh3 41. Bxf4 Qxf3 42. Rxf3 Rxc2 43. Bxd6 Rxh4 44. e5 Rhxc4 45. Rxf6 Rd4 46. Rf1 Rg4+ $2 (46... Rxd5 47. Re1 Rdd2) 47. Kh1 Rc8 48. e6 Rh8+ 49. Bh2 Rgh4 50. Rf7+ Kg8 51. d6 Rxh2+ 52. Kg1 Rh1+ 53. Kg2 R8h2+ 54. Kg3 Rd2 (54... Rh3+ $142 55. Kg4 Rd3) 55. d7 Re1 56. e7 Rxd7 57. e8=Q+ Rxe8 58. Rxd7 a5 59. Kf4 $19 Ra8 60. Kg5 Ra6 61. Rd4 a3 62. Ra4 Kg7 63. Rxa3 a4 64. Kf4 Kf6 65. Ke4 g5 66. Rf3+ Kg6 67. Ra3 Ra5 68. Kd4 g4 69. Ke3 Kf5 70. Kf2 Ke4 71. Kg3 Kd4 72. Kxg4 Kc4 73. Kf3 Kb4 74. Re3 a3 75. Re4+ Kc3 76. Re3+ Kd2 77. Re2+ Kd1 78. Ra2 Kc1 79. Ke3 Kb1 80. Rd2 a2 0-1

[Event "AZE-ch Men 2019"]
[Site "Baku"]
[Date "2019.01.23"]
[Round "8"]
[White "Guliev, Sarhan"]
[Black "Isgandarov, Shahriyar"]
[Result "1-0"]
[ECO "A55"]
[WhiteElo "2342"]
[BlackElo "2113"]
[Annotator "NA"]
[PlyCount "92"]
[EventDate "2019.01.16"]
[EventType "swiss"]
[EventCountry "AZE"]
[SourceTitle "playchess.com"]
[Source "ChessBase"]
[SourceQuality "1"]
[TimeControl "40/5400+30:1800+30"]

1. d4 d6 2. Nf3 Nd7 3. c4 e5 4. Nc3 Ngf6 5. e4 Be7 {[%emt 0:01:07] LiveBook: 1474 Games} 6. Be2 O-O 7. O-O b6 {[%emt 0:03:49] A55: Old Indian Defence with Nf3 and e4} (7... c6 8. Re1 Qe8 9. Bf1 Bd8 10. h3 Qe7 11. Be3 Ba5 12. Nd2 Rd8 13. Qc2 Nf8 14. d5 h6 15. a3 Bb6 16. b4 Bxe3 17. Rxe3 {0-1 (65) Jakovenko,D (2726)-Jobava,B (2706) Loo 2014}) 8. Re1 Bb7 9. Bf1 Re8 10. b3 $146 ({Predecessor:} 10. Qc2 a6 11. d5 c6 12. Bd2 Rc8 13. b4 b5 14. dxc6 Bxc6 15. Qb3 {1-0 (41) Thybo,J (2442)-Fries Nielsen,J (2354) Kolding 2017}) 10... Bf8 11. d5 g6 12. Bg5 h6 13. Bd2 Bg7 14. g3 Nf8 15. Nh4 Bc8 16. f3 Bd7 17. b4 N6h7 18. Qc2 Bf6 19. Ng2 Ng5 20. Bxg5 Bxg5 21. c5 dxc5 22. bxc5 Be7 23. c6 Bh3 24. Ne3 Bxf1 25. Kxf1 ({Of course not} 25. Nxf1 Nh7 $11) 25... Bc5 26. Kg2 Nh7 27. Nc4 a6 28. Rad1 Nf6 29. Na4 Bb4 30. Nd2 h5 31. Nb2 $14 b5 32. Nd3 Bf8 33. h4 Qd6 34. Nb3 Qa3 35. Nbc5 Bd6 36. Rb1 Qa5 37. Nb7 Qb6 38. a4 Qd4 39. Ndc5 bxa4 40. Red1 Qe3 41. Nxd6 cxd6 42. Nb7 Rf8 43. Rd3 Qa7 44. Nxd6 Qc7 45. Nb7 Rac8 46. Qxa4 Ne8 1-0

[Event "AZE-ch Men 2019"]
[Site "Baku"]
[Date "2019.01.23"]
[Round "8"]
[White "Bashirli, Nail"]
[Black "Ahadzade, Kanan"]
[Result "1-0"]
[ECO "B06"]
[WhiteElo "2324"]
[BlackElo "2019"]
[Annotator "NA"]
[PlyCount "145"]
[EventDate "2019.01.16"]
[EventType "swiss"]
[EventCountry "AZE"]
[SourceTitle "playchess.com"]
[Source "ChessBase"]
[SourceQuality "1"]
[TimeControl "40/5400+30:1800+30"]

1. e4 g6 2. d4 Bg7 3. Nc3 c6 4. Nf3 d6 5. Be2 Nf6 6. O-O O-O 7. Re1 Nbd7 8. a4 Qc7 9. h3 e5 10. a5 {[%emt 0:06:08] B08: Pirc Defence: Classical System} (10. dxe5 dxe5 11. Be3 Nh5 12. Bc4 Nf4 13. Qc1 h6 14. a5 Re8 15. Bb3 Qd6 16. Ne2 g5 17. Ng3 Nc5 {0-1 (34) Li,C (2724)-Sjugirov,S (2663) Qinhuangdao 2018}) 10... h6 11. dxe5 $146 ({Predecessor:} 11. Bf1 Kh7 12. Be3 Ne8 13. a6 bxa6 14. d5 c5 15. Bxa6 Bxa6 16. Rxa6 Qb7 17. Qa1 f5 {1-0 (83) Schuetze,N (2269)-Konstacky,M (2117) Litomysl 2009}) 11... dxe5 12. Be3 Rd8 13. Qc1 Kh7 14. Rd1 Ng8 15. Qd2 Bf6 16. Qd6 Qxd6 17. Rxd6 Be7 18. Rd3 Ngf6 19. Ra4 Ne8 20. b4 Nc7 21. Rd1 f6 22. b5 cxb5 23. Nxb5 Nxb5 24. Bxb5 a6 25. Bc4 Nb8 26. Rb1 Nc6 27. Bd5 Bd6 28. Nd2 Bc7 29. Nc4 Rb8 30. Nb6 Bd6 31. c3 Bc7 32. Rc4 Bxb6 33. Bxb6 Rd7 34. f3 Kg7 35. Kf2 Ra8 36. Rxc6 bxc6 37. Bxc6 Rb8 38. Bxd7 Bxd7 39. c4 Rc8 40. Be3 Kf7 41. Rb7 Ke6 42. Rb6+ Rc6 43. Bxh6 Ke7 44. Rxc6 (44. h4 $18) 44... Bxc6 45. h4 Ba4 46. Ke2 Ke6 $18 47. Bd2 Bb3 48. Kd3 Bd1 49. Bc1 f5 50. exf5+ Kxf5 51. Ke3 Bb3 52. c5 Bd5 53. Bb2 Bc6 54. g4+ Ke6 55. f4 exf4+ 56. Kxf4 Kd5 57. h5 gxh5 58. gxh5 Be8 59. h6 Bg6 60. Ba3 Kc6 61. Kg5 Bb1 62. Kf6 Kb5 63. Bb4 Be4 64. Kg7 Kxb4 65. c6 Bxc6 66. h7 Kxa5 67. h8=Q Bb5 68. Kf6 Kb4 69. Qf8+ Ka4 70. Ke5 Ka5 71. Kd4 Ka4 72. Kc3 Ka5 73. Qc5 1-0

[Event "AZE-ch Men 2019"]
[Site "Baku"]
[Date "2019.01.23"]
[Round "8"]
[White "Ilyasli, Ughur"]
[Black "Novruzov, Emin"]
[Result "1-0"]
[ECO "A43"]
[WhiteElo "2148"]
[BlackElo "1910"]
[Annotator "NA"]
[PlyCount "55"]
[EventDate "2019.01.16"]
[EventType "swiss"]
[EventCountry "AZE"]
[SourceTitle "playchess.com"]
[Source "ChessBase"]
[SourceQuality "1"]
[TimeControl "40/5400+30:1800+30"]

1. d4 c5 2. d5 b5 3. e4 a6 {A43: Schmid Benoni} 4. a4 b4 5. c4 (5. Nd2 a5 6. e5 Ba6 7. Bxa6 Nxa6 8. Nc4 Nc7 9. Bg5 Qb8 10. Qf3 Ra6 11. O-O-O {1-0 (47) Laxman,R (2389)-Sai,V (2281) Noida 2016}) 5... bxc3 6. Nxc3 d6 7. Nf3 g6 8. Nd2 Bg7 9. Nc4 $146 ({Predecessor:} 9. Be2 Nf6 10. O-O O-O 11. Nc4 {0-1 (45) Oborski,A (1801)-Kot,J (2028) Lazy 2018}) 9... a5 10. Bd3 Na6 11. O-O Nb4 12. f4 Nxd3 13. Qxd3 Nh6 14. f5 Ng4 15. Qf3 Bd4+ 16. Kh1 gxf5 17. exf5 Rg8 18. Bf4 Bxc3 19. Qxc3 Ba6 20. Rae1 $14 Kd7 21. f6 exf6 22. h3 Ne5 23. Bxe5 dxe5 24. Nxe5+ fxe5 25. Rxf7+ Kc8 26. Qxc5+ Kb8 27. Re3 Bb7 28. Rxb7+ 1-0

[Event "AZE-ch Men 2019"]
[Site "Baku"]
[Date "2019.01.23"]
[Round "8"]
[White "Jafarli, Babak"]
[Black "Abbasov, Amil"]
[Result "1/2-1/2"]
[ECO "B02"]
[WhiteElo "2128"]
[BlackElo "2190"]
[Annotator "NA"]
[PlyCount "68"]
[EventDate "2019.01.16"]
[EventType "swiss"]
[EventCountry "AZE"]
[SourceTitle "playchess.com"]
[Source "ChessBase"]
[SourceQuality "1"]
[TimeControl "40/5400+30:1800+30"]

1. e4 Nf6 2. e5 Nd5 3. c4 Nb6 4. c5 Nd5 5. Bc4 e6 6. Nc3 Nxc3 7. bxc3 d6 {[%emt 0:01:14] B02: Alekhine's Defence: Chase Variation and lines with early Nc3} (7... Bxc5 8. Qg4 O-O 9. d4 f5 10. Qg3 Be7 11. Nf3 Qe8 12. h4 d6 13. Bh6 Qg6 14. Qxg6 hxg6 15. Bg5 {½-½ (82) Jafarli,B (2132)-Sevdimaliyev,U (2386) Baku 2018}) 8. cxd6 cxd6 9. Nf3 Nc6 10. Qe2 Qa5 11. exd6 $146 ({Predecessor:} 11. O-O dxe5 12. d4 exd4 13. cxd4 Be7 14. d5 exd5 15. Bb5 {1-0 (31) Muench,K (2085)-Oberhofer,M (2105) Bayern 1999}) 11... Bxd6 12. O-O O-O 13. d4 Qxc3 14. Bd2 Qa3 15. Bd3 Be7 16. Qe4 g6 17. h4 Qd6 18. Bc4 Bf6 19. Bf4 Qb4 20. Rac1 Qa5 21. Ne5 Rd8 22. Rfd1 Nxe5 23. Bxe5 Bxe5 $11 24. dxe5 Bd7 25. Qxb7 Ba4 26. Re1 Rac8 27. Qe4 Qd2 28. Qe2 Qh6 29. Qg4 Bb5 30. Rc2 Rd2 31. Re2 Rxc2 32. Rxc2 Bxc4 33. Rxc4 Rxc4 34. Qxc4 Qd2 1/2-1/2

[Event "AZE-ch Men 2019"]
[Site "Baku"]
[Date "2019.01.23"]
[Round "8"]
[White "Guliyev, Gasan"]
[Black "Allahverdiyeva, Ayan"]
[Result "0-1"]
[ECO "D34"]
[WhiteElo "1997"]
[BlackElo "1975"]
[Annotator "NA"]
[PlyCount "88"]
[EventDate "2019.01.16"]
[EventType "swiss"]
[EventCountry "AZE"]
[SourceTitle "playchess.com"]
[Source "ChessBase"]
[SourceQuality "1"]
[TimeControl "40/5400+30:1800+30"]

1. d4 d5 2. c4 e6 3. Nf3 c5 4. cxd5 exd5 5. g3 Nf6 6. Bg2 Be7 7. O-O O-O 8. Nc3 Nc6 9. h3 h6 10. Be3 c4 11. Ne5 Re8 12. Qa4 Be6 13. f4 $11 Qc8 14. g4 Bd8 15. g5 hxg5 16. fxg5 Ne4 17. Nxe4 dxe4 18. Bxe4 Bxh3 19. Bxc6 Rxe5 20. dxe5 Qg4+ 21. Kh2 Bxf1 22. Rxf1 bxc6 23. Qxc6 Qxe2+ 24. Qg2 Qh5+ 25. Qh3 Qg6 26. Qg4 Bc7 27. Qxc4 Bxe5+ 28. Kg2 Bxb2 29. Rh1 Re8 30. Qh4 Qc6+ 31. Kf2 Qc2+ 32. Kf3 g6 33. Qh7+ Kf8 34. Qh6+ Bg7 35. Qh4 Qf5+ 36. Ke2 Qc5 37. Rh3 Qc2+ 38. Kf3 Qd3 39. Qb4+ Kg8 40. Qd2 Qe4+ 41. Kf2 Rb8 42. Qe2 Rb2 43. Bd2 Qd4+ 44. Kf3 Rxd2 0-1

[Event "AZE-ch Men 2019"]
[Site "Baku"]
[Date "2019.01.24"]
[Round "9"]
[White "Shahaliyev, Ismayil"]
[Black "Bashirli, Nail"]
[Result "0-1"]
[ECO "B52"]
[WhiteElo "2389"]
[BlackElo "2324"]
[Annotator "NA"]
[PlyCount "96"]
[EventDate "2019.01.16"]
[EventType "swiss"]
[EventCountry "AZE"]
[SourceTitle "playchess.com"]
[Source "ChessBase"]
[SourceQuality "1"]
[TimeControl "40/5400+30:1800+30"]

1. e4 c5 2. Nf3 d6 3. Bb5+ Bd7 4. Bxd7+ Nxd7 5. O-O Ngf6 6. Re1 g6 7. b3 Bg7 {[%emt 0:02:08] B52: Sicilian: Moscow Variation with 3...Bd7} 8. Bb2 O-O {[%emt 0:00:54] LiveBook: 3 Games} 9. e5 (9. d4 cxd4 10. Nxd4 Nc5 11. Nc3 a6 12. a4 Rc8 13. a5 e6 14. Qe2 Qc7 15. Red1 {0-1 (29) Vazquez,G (2296)-Delgado Ramirez,N (2587) Paraguay 2012}) 9... dxe5 10. Nxe5 Nd5 $146 ({Predecessor:} 10... Nxe5 11. Bxe5 b6 12. d3 Nd5 13. Bxg7 Kxg7 14. h3 e6 15. Nd2 {½-½ (32) Rudkovsky,A-Geilenko,D Nikolaev 2000}) 11. Qf3 Nxe5 12. Bxe5 f6 13. Bb2 e5 14. Nc3 Nb4 $1 15. Rac1 Rf7 16. Ba3 f5 17. Qe3 b6 18. Bxb4 cxb4 19. Nb1 Rd7 20. a3 bxa3 21. b4 e4 22. Qxa3 Bd4 23. Rcd1 Qh4 24. Qg3 (24. Re2 $17 {might work better.}) 24... Qf6 25. Kh1 Rad8 26. Qb3+ Kg7 27. Rf1 Qh4 28. Qg3 Qxg3 29. hxg3 Be5 30. Rde1 Bd6 31. b5 h5 32. Re3 Bc5 33. Rb3 g5 34. f3 {[%emt 0:00:27] [#]} e3 $1 35. dxe3 {[%emt 0:00:08] [#]} Rd1 $1 36. Rxd1 Rxd1+ 37. Kh2 Re1 38. g4 fxg4 (38... hxg4 $2 39. fxg4 Bd6+ 40. g3 $19) 39. Kg3 Rf1 40. Nd2 Bd6+ 41. f4 gxf4+ 42. Kh4 {[%emt 0:00:28] [#]} f3 $1 43. Nxf3 gxf3 (43... Kh6 $142 44. Ng5 Rh1+ 45. Nh3 gxh3 46. g4 h2 47. Rd3 Rg1 48. Rxd6+ Kg7 49. Kg5 Rxg4+ 50. Kf5 h1=Q 51. Rd7+ Kf8 52. Ke6 Qe4+ 53. Kd6 Qxe3 54. Kc7 Qe8 55. Rh7 Kg8 56. Rd7 Rc4+ 57. Kd6 Rd4+ 58. Kc7 Rxd7+ 59. Kc6 Qe6#) 44. gxf3 Kg6 45. f4 Rf3 46. f5+ Kh6 47. f6 Be5 48. f7 Bf6# 0-1

[Event "AZE-ch Men 2019"]
[Site "Baku"]
[Date "2019.01.24"]
[Round "9"]
[White "Guliev, Logman"]
[Black "Jafarli, Babak"]
[Result "0-1"]
[ECO "B31"]
[WhiteElo "2322"]
[BlackElo "2128"]
[Annotator "NA"]
[PlyCount "72"]
[EventDate "2019.01.16"]
[EventType "swiss"]
[EventCountry "AZE"]
[SourceTitle "playchess.com"]
[Source "ChessBase"]
[SourceQuality "1"]
[TimeControl "40/5400+30:1800+30"]

1. e4 c5 2. Nf3 Nc6 3. Bb5 g6 4. O-O Bg7 5. Re1 Nf6 6. e5 Nd5 7. Nc3 Nc7 8. Bxc6 dxc6 9. Ne4 Ne6 10. d3 h6 {[%emt 0:00:35] B31: Sicilian: 2...Nc6 3 Bb5 g6} 11. Be3 b6 12. Qd2 {[%emt 0:06:30] LiveBook: 8 Games} Qc7 (12... Nd4 13. Nxd4 cxd4 14. Bf4 Be6 15. h4 a5 16. c4 Bf5 17. Rab1 c5 18. a3 {½-½ (35) Baklan,V (2605)-Deac,B (2598) Sovata 2018}) 13. Bf4 $146 ({Predecessor:} 13. h3 Bb7 14. a3 Rd8 15. b3 Qc8 16. Qc3 O-O 17. b4 f5 18. exf6 exf6 19. Bxh6 Bxh6 20. Nxf6+ Kh8 {½-½ (20) Pessoa,F (2407)-Soley,A (2284) IECG email 2006}) 13... Nxf4 14. Nd6+ $2 (14. Qxf4 $11 g5 15. Qg3) 14... Kf8 15. Qxf4 Be6 $2 ({Black should play} 15... exd6 $17 16. exd6 Qd7) 16. Nc4 g5 17. Qe3 g4 18. Nh4 Rd8 19. f4 gxf3 20. Qxf3 Rg8 21. Re2 $2 {[%emt 0:07:12] [#]} (21. Qe2 $11 {and White has nothing to worry.}) 21... b5 $1 22. Ne3 Bxe5 {[%emt 0:01:11] Double Attack} 23. Nef5 Bxh2+ 24. Kh1 Be5 25. Rf1 Bf6 ({Weaker is} 25... Bxa2 26. b3 $14) 26. Qh5 Rd5 27. c4 bxc4 28. dxc4 Re5 29. Qxh6+ Ke8 30. Qf4 Bxf5 31. Nxf5 {[%emt 0:01:43] [#]} Rxf5 $1 32. Rxe7+ Qxe7 33. Qb8+ Kd7 34. Qb7+ Kd6 35. Qxe7+ $19 Kxe7 36. Rxf5 Bxb2 0-1